 Dungeon Crawl Stone Soup version 0.26.0-18-gc5c842f807 (webtiles) character file.

Game seed: 2541372853789929517

552 Marvel the Stinger (level 7, 0/47 HPs)
             Began as a Merfolk Venom Mage on Jan 22, 2021.
             Slain by a centaur (7 damage)
             ... on level 5 of the Dungeon.
             The game lasted 00:15:36 (6073 turns).

Marvel the Stinger (Merfolk Venom Mage)             Turns: 6073, Time: 00:15:36

Health: 0/47       AC:  3    Str:  9    XL:     7   Next: 29%
Magic:  8/13       EV: 13    Int: 16    God:
Gold:   260        SH:  0    Dex: 14    Spells: 9/15 levels left

rFire    . . .     SeeInvis .   t - +0 dagger
rCold    . . .     Faith    .   (no shield)
rNeg     + . .     Spirit   .   a - +0 robe
rPois    .         Reflect  .   (no helmet)
rElec    .         Harm     .   (no cloak)
rCorr    .         Rampage  .   (no gloves)
Will     .....                  v - +0 pair of boots
Stlth    ++........             (no amulet)
HPRegen  0.15/turn              s - ring of positive energy
MPRegen  0.13/turn              (no ring)

@: no status effects
A: change form in water, swift swim, stealthy swim
a: no special abilities


You were on level 5 of the Dungeon.
You visited 1 branch of the dungeon, and saw 5 of its levels.

You collected 260 gold pieces.

Inventory:

Hand Weapons
 t - a +0 dagger (weapon)
Missiles
 l - 11 poisoned darts
Armour
 a - a +0 robe (worn)
 v - a +0 pair of boots (worn)
Jewellery
 s - a ring of positive energy (left hand)
Wands
 m - a wand of flame (23)
 q - a wand of iceblast (13)
Scrolls
 b - 11 scrolls of identify {unknown}
 c - 2 scrolls of teleportation {unknown}
 d - 2 scrolls of magic mapping {unknown}
 e - 2 scrolls of enchant armour {unknown}
 i - a scroll of fear {unknown}
 j - a scroll of enchant weapon {unknown}
 k - a scroll of remove curse {unknown}
 o - 3 scrolls of amnesia {unknown}
Potions
 f - a potion of magic {unknown}
 g - 2 potions of heal wounds {unknown}
 h - a potion of curing {unknown}
 n - a potion of brilliance {unknown}
 p - a potion of degeneration {unknown}
 r - a potion of ambrosia {unknown}
 u - a potion of berserk rage {unknown}


   Skills:
 + Level 0.5 Fighting
 + Level 3.4 Dodging
 - Level 2.4 Stealth
 - Level 0.4 Unarmed Combat
 + Level 4.5 Spellcasting
 + Level 5.3 Transmutations
 + Level 5.3 Poison Magic


You had 9 spell levels left.
You knew the following spells:

 Your Spells              Type           Power        Failure   Level
a - Sting                 Tmut/Pois      80%          1%          1
b - Poisonous Vapours     Pois/Air       24%          9%          2
c - Ignite Poison         Fire/Tmut/Pois 14%          11%         3

Your spell library contained the following spells:

 Spells                   Type           Power        Failure   Level
 Olgreb's Toxic Radiance  Pois           20%          19%         4
 Mephitic Cloud           Conj/Pois/Air  9%           24%         3


Dungeon Overview and Level Annotations

Branches:
Dungeon (5/15)
 Temple: D:4-7

Altars:
Ru

Annotations:
D:2 Natasha
D:5 1 runed translucent door


Message History

The centaur is heavily wounded.
Aiming: Sting (safe; 1% risk of failure)
Press: ? - help, Q - select action, (/) - cycle Shift-Dir - straight line, f/p - centaur
Aim: a centaur, wielding a +0 shortbow and quivering 18 arrows (heavily wounded, very poisoned, 15% to evade)
The sting misses the centaur.
The centaur unwields a +0 shortbow.
The centaur misses you.
Aiming: Sting (safe; 1% risk of failure)
Press: ? - help, Q - select action, (/) - cycle Shift-Dir - straight line, f/p - centaur
Aim: a centaur, quivering 18 arrows (heavily wounded, very poisoned, 15% to evade)
The sting hits the centaur.
The centaur looks as sick as possible!
The centaur is severely wounded.
The centaur completely misses you. The centaur hits you.
* * * LOW HITPOINT WARNING * * *
Aiming: Sting (safe; 1% risk of failure)
Press: ? - help, Q - select action, (/) - cycle Shift-Dir - straight line, f/p - centaur
Aim: a centaur, quivering 18 arrows (severely wounded, extremely poisoned, 15% to evade)
The sting hits the centaur.
The centaur looks as sick as possible!
The centaur is almost dead.
The centaur hits you!
You die...

....##. #....#
+.....### #....# .#
#.......#####....##..
#....##...........##+
#....................
#...###.###.#.###...#
#... #..##..<#.. [.#
..# ##.###..#.# ..# ...
#.@.#(##.# .#
#.###c(...#.# ##.#..
#####...r.##....##.....
.....##.##...##....#
......#(...#####..###
........(>## #.....#
.......(..#####.###.#
...............<# .#
...c...!##.#.#### ..


You could see a centaur (extremely poisoned) and a quokka.

Vanquished Creatures
  3 hounds (D:4)
  2 orc priests (D:4)
  5 orc wizards
  An iguana (D:4)
  3 worker ants (D:4)
  Terence (D:2)
  6 adders
  A white imp (D:4)
  An ooze (D:3)
  2 dart slugs
  3 leopard geckos
  8 orcs
  3 giant cockroaches
  8 hobgoblins
  2 jackals (D:1)
  4 quokkas
  2 ball pythons (D:2)
  5 bats
  4 frilled lizards
  4 goblins
  6 kobolds
  6 rats
80 creatures vanquished.

Notes
Turn   | Place    | Note
-------+----------+-------------------------------------------
     0 | D:1      | Marvel the Merfolk Venom Mage began the quest for the Orb.
     0 | D:1      | Reached XP level 1. HP: 13/13 MP: 3/3
   334 | D:1      | Reached XP level 2. HP: 19/19 MP: 3/5
   497 | D:1      | Learned a level 2 spell: Poisonous Vapours
   997 | D:1      | Reached XP level 3. HP: 20/24 MP: 1/6
  2116 | D:2      | Found a sacrificial altar of Ru.
  2128 | D:2      | Reached XP level 4. HP: 30/30 MP: 2/8
  2220 | D:2      | Noticed Terence
  2232 | D:2      | Killed Terence
  2762 | D:2      | Noticed Natasha
  2913 | D:3      | Reached XP level 5. HP: 35/35 MP: 5/9
  4101 | D:4      | Reached XP level 6. HP: 24/41 MP: 7/11
  4776 | D:4      | Reached skill level 5 in Poison Magic
  4951 | D:4      | Reached XP level 7. HP: 31/47 MP: 5/13
  5489 | D:4      | Learned a level 3 spell: Ignite Poison
  5517 | D:4      | Reached skill level 5 in Transmutations
  6021 | D:5      | Entered Level 5 of the Dungeon
  6036 | D:5      | Found a runed translucent gate.
  6073 | D:5      | Slain by a centaur

Illustrated notes

Levels and vault maps discovered:
D:1:      amcnicky_arrival_underground_garden, layout_basic
D:2:      layout_basic, nicolae_ru_great_annihilating_truth, uniq_natasha,
          uniq_terence
D:3:      layout_basic, chequers_hall_statues_y
D:4:      layout_basic, amethyst_killhole
D:5:      layout_rooms, gammafunk_ghost_nasty_kobolds, serial_rivers,
          chequers_serial_rivers_micro_b, chequers_serial_rivers_small_3,
          chequers_serial_rivers_room_b, chequers_serial_rivers_room_a,
          chequers_serial_rivers_room_a, chequers_serial_rivers_room_a

Skill      XL: |  1  2  3  4  5  6  7 |
---------------+----------------------+-----
Dodging        | 3 |  3.4
Transmutations | 2 3 4 5 |  5.3
Poison Magic   | 4 5 |  5.3
Spellcasting   | 3 4 |  4.5
Fighting       | |  0.5
Stealth        | |  2.4
Unarmed Combat | |  0.4

Action                   |  1- 3 |  4- 6 |  7- 9 || total
-------------------------+-------+-------+-------++-------
Melee: Unarmed           |    23 |     4 |       ||    27
       Dagger            |       |       |     1 ||     1
 Cast: Sting             |    58 |   106 |    27 ||   191
       Ignite Poison     |       |       |     1 ||     1
 Stab: Sleeping          |     1 |       |       ||     1
Armor: Robe              |    11 |     8 |     1 ||    20
Dodge: Dodged            |    39 |    51 |    10 ||   100
